 Dungeon Crawl Stone Soup version 0.31-a0-1570-g93c622d (webtiles) character file.

Game seed: 11924815316354012582

2981 Dorkslayer the Trooper (level 9, 0/138 HPs)
             Began as an Oni Delver on Jan 3, 2024.
             Was an Initiate of Gozag.
             Succumbed to a killer bee's poison
             ... on level 8 of the Dungeon.
             The game lasted 00:19:29 (7282 turns).

Dorkslayer the Trooper (Oni Delver)                 Turns: 7282, Time: 00:19:29

Health: 0/138      AC: 11    Str: 18    XL:     9   Next: 83%
Magic:  9/9        EV: 10    Int: 11    God:    Gozag
Gold:   104        SH:  5    Dex: 14    Spells: 8/8 levels left

rFire   . . .        C - +2 war axe (freeze)
rCold   . . .        (no shield)
rNeg    + . .        D - +0 swamp dragon scales
rPois   +            (helmet restricted)
rElec   .            x - +1 cloak {Stlth+}
rCorr   +            (gloves unavailable)
SInv    .            (boots unavailable)
Will    .....        j - amulet of reflection Stlth
                     h - ring of resist corrosion
HPRegen 0.43/turn    q - ring of positive energy
MPRegen 0.11/turn

%: reflection
@: berserking (expiring), lethally poisoned (0 -> -17), weakened, gold aura,
hasted, invisible, very quick
A: large, unfitting armour, horns 1, tough skin 1, double potion healing,
drunken brawling
a: Renounce Religion, Potion Petition, Call Merchant, Bribe Branch


You were on level 8 of the Dungeon.
You worshipped Gozag.
Gozag was aware of your devotion.
You visited 2 branches of the dungeon, and saw 9 of its levels.

You collected 689 gold pieces.
You spent 537 gold pieces at shops.
You paid 48 gold pieces to Gozag.

Inventory:

Hand Weapons
 m - a +0 war axe
 C - a +2 war axe of freezing (weapon)
Missiles
 r - 2 boomerangs
Armour
 x - a +1 cloak of stealth (worn)
 y - the +2 robe "Waicu" {rC+ rN+}
   (You bought it in a shop on level 5 of the Dungeon)

   rC+:       It protects you from cold.
   rN+:       It protects you from negative energy.
 D - +0 swamp dragon scales (worn)
Jewellery
 h - a ring of resist corrosion (left hand)
 j - an amulet of reflection (around neck)
 q - a ring of positive energy (right hand)
Wands
 g - a wand of digging (2)
 k - a wand of paralysis (6)
 l - a wand of polymorph (19)
 v - a wand of mindburst (2)
 w - a wand of flame (9)
 B - a wand of iceblast (9)
Scrolls
 b - a scroll of poison
 c - 2 scrolls of fog
 d - a scroll of revelation
 e - 3 scrolls of fear
 f - 3 scrolls of identify
 o - 3 scrolls of teleportation
Potions
 a - a potion of degeneration
 i - 5 potions of brilliance
 u - a potion of attraction
 z - 2 potions of magic
 A - a potion of might


   Skills:
 + Level 6.6 Fighting
 + Level 6.4 Axes
 * Level 3.3 Throwing
 * Level 3.6 Armour
 + Level 3.6 Dodging
 + Level 6.5 Stealth
 + Level 2.2 Shields
 - Level 0.1 Spellcasting
 * Level 4.3 Evocations


You had 8 spell levels left.
You didn't know any spells.
Your spell library contained the following spells:

 Spells                   Type           Power      Damage    Failure   Level
 Necrotise                Necr           0%         1d4       52%         1
 Call Imp                 Summ           0%         N/A       67%         2
 Cigotuvi's Dreadful Rot  Necr/Alch/Air  0%         N/A       67%         2
 Ensorcelled Hibernation  Hex/Ice        0%         N/A       67%         2
 Sublimation of Blood     Necr           0%         N/A       67%         2
 Call Canine Familiar     Summ           0%         N/A       88%         3
 Fugue of the Fallen      Necr           0%         N/A       88%         3
 Passwall                 Erth           0%         N/A       88%         3
 Sigil of Binding         Hex            0%         N/A       88%         3
 Swiftness                Air            0%         N/A       88%         3
 Vampiric Draining        Necr           0%         2d6       88%         3
 Anguish                  Hex/Necr       0%         N/A       99%         4
 Dimensional Bullseye     Hex/Tloc       0%         N/A       99%         4
 Iskenderun's Mystic Bla  Conj/Tloc      0%         2d3       99%         4
 Martyr's Knell           Necr/Summ      0%         N/A       99%         4
 Olgreb's Toxic Radiance  Alch           0%         N/A       99%         4
 Curse of Agony           Necr           0%         N/A       100%        5
 Haunt                    Necr/Summ      0%         N/A       100%        7
 Ozocubu's Refrigeration  Ice            0%         4d7       100%        7
 Summon Hydra             Summ           0%         N/A       100%        7
 Discord                  Hex            0%         N/A       100%        8


Dungeon Overview and Level Annotations

Branches:
Dungeon (8/15)             Temple (1/1) D:4
   Lair: D:8-11

Altars:
Ashenzari
Dithmenos
Elyvilon
Fedhas
Gozag
Hepliaklqana
Kikubaaqudgha
Makhleb
Nemelex Xobeh
Okawaru
Qazlal
Ru
Sif Muna
Vehumet
Wu Jian
Xom
Yredelemnul
Zin
The Shining One

Shops:
D:5 ![=[

Annotations:
D:8 2 runed translucent doors, Amaemon


Innate Abilities, Weirdness & Mutations

You are too large for most types of armour.
You have a pair of small horns on your head.
You have tough skin. (AC +1)
You gain doubled healing and magic from potions.
Whenever you drink a healing potion, you attack all around you.


Message History

Amaemon claws you but does no damage.
Amaemon tail-slaps you but does no damage.
The ice beast barely misses you.
You closely miss Amaemon.
Amaemon is moderately wounded.
You hit the ice beast.
You kill the ice beast!
You feel very sick.
The killer bee is distracted by your dazzling golden aura.
Amaemon closely misses you. Amaemon claws you.
* * * LOW HITPOINT WARNING * * *
Amaemon tail-slaps you.
* * * LOW HITPOINT WARNING * * *
The killer bee stings you but does no damage.
The killer bee buzzes angrily.
You slash Amaemon! You freeze Amaemon.
Amaemon is heavily wounded.
You strike the helpless killer bee from behind!
You hit the killer bee. You freeze the killer bee.
* * * LOW HITPOINT WARNING * * *
You feel very sick. Amaemon completely misses you. Amaemon barely misses you.
Amaemon completely misses you.
You slash Amaemon! You freeze Amaemon.
Amaemon is severely wounded.
* * * LOW HITPOINT WARNING * * *
You feel very sick. The killer bee stings you!
* * * LOW HITPOINT WARNING * * *
You are more poisoned.
The killer bee poisons you! Amaemon barely misses you.
Amaemon claws you but does no damage.
Amaemon tail-slaps you but does no damage.
Unknown command.
You hit Amaemon. You freeze Amaemon. You headbutt Amaemon.
Amaemon is almost dead.
You catch the helpless killer bee completely off-guard!
You hit the killer bee. You freeze the killer bee.
You die...
Your body crumbles into a pile of gold.

.. ......# ...+u. ......# #..+..
.....###..#. #'#........#
##'#...##..##############
#.........#.#y.y@6.......
+.........$.yy#######.### ### #
#....................... ..#.#
............#.##....#..### #.#.#
$.........###.##....##...###.#.#
.........................(.....##
.############.#..................
#.#............#.#...
#.####.........#'#...


You could see Amaemon (unable to see you) and 4 killer bees.

Vanquished Creatures
  Erica (D:8)
  An orange demon (D:8)
  Maggie (D:8)
  Prince Ribbit (D:6)
  Sigmund (D:2)
  Menkaure (D:6)
  Edmund (D:6)
  An ice beast (D:8)
  An ogre (D:6)
  2 phantoms (D:5)
  A bullfrog (D:7)
  A kobold brigand (D:8)
  A scorpion (D:6)
  A killer bee (D:8)
  A howler monkey (D:8)
  4 hounds
  A sleepcap (D:5)
  2 bombardier beetles
  An orc priest (D:7)
  Jessica (D:3)
  A gnoll bouda (D:6)
  2 iguanas (D:5)
  3 orc wizards
  Ijyb (D:5)
  3 gnolls (D:6)
  6 adders
  A shadow imp (D:7)
  2 white imps
  2 ufetubi (D:7)
  2 dart slugs
  18 orcs
  3 bats
  6 endoplasms
  5 giant cockroaches
  5 goblins
  8 hobgoblins
  6 jackals (D:2)
  3 quokkas
  3 ball pythons
  2 frilled lizards
  6 kobolds
  5 rats
118 creatures vanquished.

Notes
Turn   | Place    | Note
-------+----------+-------------------------------------------
     0 | D:5      | Dorkslayer the Oni Delver began the quest for the Orb.
     0 | D:5      | Reached XP level 1. HP: 24/24 MP: 1/1
    46 | D:4      | Reached XP level 2. HP: 32/32 MP: 2/2
   440 | D:3      | Identified the +1 dagger of Pocyo {elec, ^Contam rElec rF+
                  | Dex+3}
   451 | D:2      | Noticed Sigmund
   484 | D:2      | Killed Sigmund
   485 | D:2      | Reached skill level 1 in Evocations
   485 | D:2      | Reached XP level 3. HP: 10/41 MP: 3/3
   485 | D:2      | Reached XP level 4. HP: 12/49 MP: 4/4
   485 | D:2      | Reached XP level 5. HP: 13/55 MP: 5/5
   891 | D:2      | Reached XP level 6. HP: 59/65 MP: 6/6
   984 | D:2      | Found a faded altar of an unknown god.
  2080 | D:3      | Found a basalt altar of Yredelemnul.
  2083 | D:3      | Noticed Jessica
  2104 | D:3      | Killed Jessica
  2776 | D:4      | Reached skill level 5 in Fighting
  2776 | D:4      | Reached skill level 5 in Stealth
  2867 | D:4      | Found a staircase to the Ecumenical Temple.
  2883 | Temple   | Entered the Ecumenical Temple
  2890 | Temple   | Became a worshipper of Gozag Ym Sagoz the Greedy
  3307 | D:5      | Noticed Ijyb
  3319 | D:5      | Killed Ijyb
  3499 | D:5      | Reached XP level 7. HP: 38/72 MP: 7/7
  3923 | D:5      | Reached skill level 1 in Shields
  4235 | D:5      | Found Halen's Armour Shoppe.
  4237 | D:5      | Found Yrhirrol's Jewellery Shoppe.
  4238 | D:5      | Found Pijeh's Antique Armour Shoppe.
  4239 | D:5      | Found Vacazoeg's Distillery.
  4721 | D:5      | Bought a runed cloak for 210 gold pieces
  5246 | D:6      | Noticed Prince Ribbit
  5261 | D:6      | Reached XP level 8. HP: 75/83 MP: 8/8
  5265 | D:6      | Reached skill level 1 in Armour
  5292 | D:6      | Killed Prince Ribbit
  5610 | D:6      | Noticed Edmund
  5616 | D:6      | Killed Edmund
  5873 | D:6      | Noticed Menkaure
  5889 | D:6      | Killed Menkaure
  5890 | D:6      | Reached skill level 5 in Axes
  5890 | D:6      | Reached skill level 1 in Throwing
  6369 | D:7      | Found a sacrificial altar of Ru.
  6487 | D:7      | Found a radiant altar of Vehumet.
  6546 | D:7      | Got the Precepts of the Boiling Point
  6548 | D:7      | Found a hazy altar of Hepliaklqana.
  6789 | D:7      | Found a white marble altar of Elyvilon.
  6796 | D:7      | Found a burning altar of Makhleb.
  6808 | D:7      | Found a stormy altar of Qazlal.
  6946 | D:5      | Bought an ancient robe for 159 gold pieces
  6946 | D:5      | Identified the +2 robe "Waicu" {rC+ rN+} (You bought it in
                  | a shop on level 5 of the Dungeon)
  6961 | D:5      | Bought a potion of haste for 120 gold pieces
  6961 | D:5      | Bought a potion of might for 48 gold pieces
  7037 | D:8      | Noticed Maggie
  7051 | D:8      | Killed Maggie
  7052 | D:8      | Reached XP level 9. HP: 89/89 MP: 9/9
  7194 | D:8      | Found a runed translucent gate.
  7195 | D:8      | Found a runed translucent gate.
  7195 | D:8      | Noticed a brown ugly thing
  7224 | D:8      | Noticed a brown ugly thing
  7225 | D:8      | Noticed a green ugly thing
  7246 | D:8      | Noticed Erica
  7246 | D:8      | Noticed Amaemon
  7248 | D:8      | Noticed an orange demon
  7259 | D:8      | Killed an orange demon
  7272 | D:8      | Killed Erica
  7281 | D:8      | HP: 4/138 [killer bee (8)]
  7282 | D:8      | Succumbed to a killer bee's poison

Illustrated notes

Levels and vault maps discovered:
D:1:      dpeg_arrival_snail, layout_loops_ring, chequers_serial_rivers_small_3
D:2:      layout_basic, shapermc_ecumenical_altar_mp_highgroup,
          nicolae_underground_beach, uniq_sigmund
D:3:      layout_basic, mainiacjoe_overflow_chevrons, uniq_jessica
D:4:      layout_gridville, minmay_temple_entry_sparse_star, grunt_ministairs_14
D:5:      layout_basic, minmay_shop_grid_forest, uniq_ijyb
D:6:      layout_basic, grunt_decor_mini_mirrors, uniq_menkaure,
          uniq_prince_ribbit1, uniq_edmund
D:7:      layout_rooms, nicolae_ru_great_annihilating_truth,
          minmay_overflow_temple_star_quad, nicolae_hepliaklqana_hazy_memory,
          vehumet_altar_wand_db, hangedman_decor_diamond_cutter
D:8:      layout_basic, nicolae_overflow_two_pavilions,
          ploomutoo_gammafunk_ghost_potion_laboratory, uniq_maggie, uniq_erica,
          uniq_amaemon
Temple:   nicolae_temple_ecumenical_triangle

Skill      XL: |  1  2  3  4  5  6  7  8  9 |
---------------+----------------------------+-----
Stealth        | 4 5 6 |  6.5
Dodging        | 2 3 |  3.6
Evocations     | 1 2 3 4 |  4.3
Axes           | 3 4 5 6 |  6.4
Fighting       | 5 6 |  6.6
Shields        | 1 2 |  2.2
Armour         | 2 3 |  3.6
Throwing       | 2 3 |  3.3
Spellcasting   | |  0.1

Action                     |  1- 3 |  4- 6 |  7- 9 || total
---------------------------+-------+-------+-------++-------
  Melee: Hand axe          |    47 |   177 |   160 ||   384
         Headbutt          |     8 |    26 |    52 ||    86
         Punch             |       |       |     3 ||     3
         War axe           |       |       |    84 ||    84
  Evoke: Wand              |       |     3 |    20 ||    23
    Use: Potion            |     1 |     6 |     6 ||    13
         Scroll            |       |     4 |    11 ||    15
   Stab: Sleeping          |     2 |    12 |     5 ||    19
         Paralysed         |       |       |    21 ||    21
         Invisible         |       |       |     5 ||     5
         Distracted        |       |       |     1 ||     1
 Armour: Robe              |    27 |    88 |   102 ||   217
         Swamp dragon scal |       |       |    39 ||    39
  Dodge: Dodged            |    12 |    69 |   100 ||   181
  Block: Other             |       |    39 |    55 ||    94
         Reflection        |       |       |     4 ||     4

Table legend: (Time is in decaauts)
 A = Elapsed time spent in this place.
 B = Non-inter-level travel time spent in this place.
 C = Inter-level travel time spent in this place.
 D = Time resting spent in this place.
 E = Time spent auto-exploring this place.
 F = Levels seen in this place.
 G = Mean time per level.
                   A        B        C        D        E       F      G
               +--------+--------+--------+--------+--------+-----+--------+
         Total |   7304 |   7165 |    139 |     65 |   4644 |   9 |  811.6 |
       Dungeon |   7289 |   7150 |    139 |     65 |   4644 |   8 |  911.1 |
        Temple |     14 |     14 |      0 |      0 |      0 |   1 |   14.0 |
               +--------+--------+--------+--------+--------+-----+--------+

Top non-repeatable levels by time:
     D:5: 1578 daAuts
     D:6: 1489 daAuts
     D:4: 939 daAuts
     D:2: 858 daAuts
     D:1: 767 daAuts
     D:7: 723 daAuts
     D:3: 683 daAuts
     D:8: 248 daAuts
  Temple: 14 daAuts
